 Dungeon Crawl Stone Soup version 0.30.0-29-ga12c61a403 (webtiles) character file.

Game seed: 4363592583262304975

26676 H0rd4k the Spear-Bearer (level 13, -2/99 HPs)
             Began as a Human Artificer on June 20, 2023.
             Was an Initiate of Gozag.
             Killed from afar by a frost giant (17 damage)
             ... with a bolt of cold
             ... in an ice cave.
             The game lasted 00:25:49 (17395 turns).

H0rd4k the Spear-Bearer (Human Artificer)          Turns: 17395, Time: 00:25:50

Health: -2/99      AC: 11    Str: 14    XL:     13   Next: 60%
Magic:  25/25      EV: 17    Int: 22    God:    Gozag
Gold:   1086       SH:  5    Dex:  9    Spells: 22/29 levels left

rFire   + + .        t - +4 spear "Ileulioq" {drain, rPois rN+ Dex-4}
rCold   + . .        (no shield)
rNeg    + . .        j - +3 leather armour {rC+}
rPois   +            X - +2 hat {Int+3}
rElec   .            w - scarf {rC+ rF+}
rCorr   .            f - +0 pair of gloves "Fotarac" {rPois Int+3}
SInv    .            S - +2 pair of slick slippers {slick, slippery, EV+4}
Will    .....        M - amulet of reflection
Stlth   +++          C - ring of fire
HPRegen 0.36/turn    u - ring of flight
MPRegen 0.19/turn

%: reflection
@: flying, studying Dodging, invisible
A: no striking features
a: Renounce Religion, Potion Petition, Call Merchant, Bribe Branch


You were in an ice cave.
You worshipped Gozag.
Gozag was most pleased with you.
You visited 3 branches of the dungeon, and saw 15 of its levels.
You also visited: Ossuary and Ice Cave.

You collected 3323 gold pieces.
You spent 972 gold pieces at shops.
You paid 1265 gold pieces to Gozag.

Inventory:

Hand Weapons
 t - the +4 spear "Ileulioq" (weapon) {drain, rPois rN+ Dex-4}
   (You found it on level 2 of the Dungeon)

   Dex:       It affects your dexterity (-4).
   rPois:     It protects you from poison.
   rN:        It protects you from negative energy.
 E - the +4 short sword of the Stoat {spect, *Corrode Dex+4}
   (You found it on level 5 of the Dungeon)

   Dex:       It affects your dexterity (+4).
   *Corrode:  It may corrode you when you take damage.
 R - a +0 antimagic spear
Missiles
 o - 50 poisoned darts
 Q - 2 throwing nets
Armour
 f - the +0 pair of gloves "Fotarac" (worn) {rPois Int+3}
   (You bought it in a shop on level 10 of the Dungeon)

   Int:       It affects your intelligence (+3).
   rPois:     It protects you from poison.
 j - a +3 leather armour of cold resistance (worn)
 v - the +7 scale mail of the Little Devil {-Cast Rampage rCorr Stlth+}
   (You found it on level 2 of the Dungeon)

   -Cast:     It prevents spellcasting.
   rCorr:     It protects you from acid and corrosion.
   Rampage:   It bestows one free step when moving towards enemies.
   Stlth:     It makes you more stealthy.
 w - a scarf of resistance (worn)
 S - the +2 pair of slick slippers (worn) {slick, slippery, EV+4}
   (You found it on level 6 of the Dungeon)

   Slick:     Its wearer cannot be constricted, engulfed, netted or webbed.
   Slippery:  Its wearer slips away from damaging melee attacks, pulling the
   attacker onward.
   EV:        It affects your evasion (+4).
 T - +2 ice dragon scales
 V - the +1 cloak of Starlight {*Dazzle EV+4 Stlth--}
   (You bought it in a shop on level 10 of the Dungeon)

   *Dazzle:   It may blind those who miss an attack against the wearer in melee
   combat.
   EV:        It affects your evasion (+4).
   Stlth:     It makes you much less stealthy.
 W - a +2 helmet of see invisible
 X - a +2 hat of intelligence (worn)
Magical Staves
 I - a staff of conjuration
 Y - a staff of conjuration
Jewellery
 u - a ring of flight (right hand)
 C - a ring of fire (left hand)
 M - an amulet of reflection (around neck)
Wands
 c - a wand of flame (64) (quivered)
 d - a wand of charming (11)
 e - a wand of iceblast (21)
 D - a wand of acid (21)
 N - a wand of digging (11)
Scrolls
 a - 4 scrolls of fog
 h - 5 scrolls of amnesia
 i - 6 scrolls of teleportation
 k - 6 scrolls of immolation {unknown}
 n - 2 scrolls of noise
 s - 3 scrolls of torment
 y - 5 scrolls of fear
 z - a scroll of magic mapping {unknown}
 A - a scroll of enchant weapon {unknown}
 B - 2 scrolls of brand weapon {unknown}
 J - a scroll of blinking {unknown}
 L - 2 scrolls of poison {unknown}
Potions
 b - 2 potions of cancellation
 g - 3 potions of haste
 l - 7 potions of heal wounds
 m - a potion of invisibility
 p - 3 potions of ambrosia
 q - 5 potions of degeneration
 r - 5 potions of curing
 x - 4 potions of flight
 F - a potion of resistance {unknown}
 G - 8 potions of attraction
 H - a potion of lignification {unknown}
 K - 3 potions of brilliance {unknown}
 O - a potion of magic {unknown}
 P - 2 potions of might {unknown}
 U - 5 potions of mutation {unknown}


   Skills:
 + Level 8.7 Fighting
 - Level 0.4 Maces & Flails
 + Level 12.3 Polearms
 - Level 2.0 Armour
 + Level 7.9 Dodging
 + Level 8.0 Stealth
 - Level 3.5 Shields
 * Level 8.9 Spellcasting
 + Level 0.6 Hexes
 + Level 6.7 Summonings
 + Level 5.3 Evocations


You had 22 spell levels left.
You knew the following spells:

 Your Spells              Type           Power      Damage    Failure   Level
a - Summon Small Mammal   Summ           100%       N/A       1%          1
b - Call Canine Familiar  Summ           39%        N/A       1%          3
c - Summon Guardian Gole  Hex/Summ       26%        N/A       5%          3

Your spell library contained the following spells:

 Spells                   Type           Power      Damage    Failure   Level
 Slow                     Hex            48%        N/A       6%          1
 Sting                    Tmut/Pois      36%        1d4       9%          1
 Poisonous Vapours        Pois/Air       18%        N/A       13%         2
 Sublimation of Blood     Necr           9%         N/A       13%         2
 Wereblood                Tmut           9%         N/A       13%         2
 Confusing Touch          Hex            12%        N/A       19%         3
 Vampiric Draining        Necr           9%         2d6       26%         3
 Olgreb's Toxic Radiance  Pois           9%         N/A       63%         4
 Fireball                 Conj/Fire      7%         3d5       93%         5
 Iskenderun's Battlesphe  Conj           9%         2d6       93%         5
 Summon Hydra             Summ           19%        N/A       99%         7
 Conjure Ball Lightning   Conj/Air       4%         3x3d6     100%        6
 Orb of Destruction       Conj           4%         9d5       100%        7


Dungeon Overview and Level Annotations

Branches:
Dungeon (11/15)            Temple (1/1) D:6            Lair (3/5) D:10
    Orc (0/2) D:9         Ossuary (visited)           IceCv (1/1)
  Swamp: Lair:2-3    Shoals: Lair:2-3     Snake: Lair:2-3    Spider: Lair:2-3

Altars:
Ashenzari
Dithmenos
Elyvilon
Fedhas
Gozag
Hepliaklqana
Kikubaaqudgha
Makhleb
Nemelex Xobeh
Okawaru
Ru
Sif Muna
Trog
Vehumet
Wu Jian
Xom
Yredelemnul
Zin
The Shining One

Shops:
D:5 =   D:10 [[

Annotations:
D:8 2 transporters, SuvarnaParana's ghost, novice TrWr
D:10 exclusion: downstairs IceCv exclusion: ice statue


Message History

The ice beast is almost dead.
The ice beast hits you but does no damage.
You puncture the ice beast!
You kill the ice beast!
The ice beast disappears in a puff of smoke!
You are engulfed in freezing vapours.
You resist.
* * * LOW HITPOINT WARNING * * *
There is an ice choked empty arch of ancient stone here.
The frost giant shouts!
The frost giant gestures at you while chanting.
The bolt of cold hits you!! You resist.
Unknown command.
You fade into invisibility!
You hit the frost giant but do no damage.
You drain the frost giant.
The frost giant is lightly wounded.
The frost giant points at you and mumbles some strange words.
The bolt of cold hits you! You resist.
You hit the frost giant but do no damage.
The frost giant is lightly wounded.
You hit the frost giant. You drain the frost giant.
The frost giant is lightly wounded.
The frost giant hits you with the +8 frozen axe "Frostbite" {freeze, freezing cloud, *Noise Fly rC+}!
You slip backwards!
The frost giant freezes you.
You hit the frost giant but do no damage.
You drain the frost giant.
The frost giant is lightly wounded.
You resist.
You hit the frost giant but do no damage.
You drain the frost giant.
The frost giant is lightly wounded.
You resist.
The frost giant hits you with the +8 frozen axe "Frostbite" {freeze, freezing cloud, *Noise Fly rC+}!!
* * * LOW HITPOINT WARNING * * *
The frost giant freezes you.
* * * LOW HITPOINT WARNING * * *
The frost giant points at you and mumbles some strange words.
The bolt of cold hits you! You resist.
You die...
Your body crumbles into a pile of gold.

##### ##.#.# ####
#.#.## #######..#
######.#.###.#..@○∩.#
...###..###.....∩.C##
....#.###........##.#
.#...#.#..###.####°≈#
.###.....## ### #C≈≈#
..###...## #≈≈≈#
...###.#§# ###≈≈#
#..#####.## ##.#.##
##..###...# ###...#.#


You could see a frost giant (drained).

Vanquished Creatures
  Gastronok (Lair:3)
  3 death yaks (IceCv)
  A tengu warrior (D:10)
  2 ugly things
  3 black mambas
  Joseph (D:8)
  2 cane toads
  An unseen horror (D:11)
  Psyche (D:8)
  6 komodo dragons
  8 polar bears (IceCv)
  3 trolls
  A hornet (D:10)
  Grinder (D:3)
  8 blink frogs
  2 wraiths
  A shadow (D:11)
  Sigmund (D:3)
  5 wyverns
  21 yaks
  2 vampires
  A basilisk (Lair:1)
  2 steam dragons
  Menkaure (D:6)
  4 acid dragons
  5 water moccasins
  3 orc warriors
  2 sky beasts
  3 black bears
  An ice beast (D:5)
  4 ogres
  31 wolves
  3 centaurs
  A phantom (D:5)
  5 kobold brigands
  An elf zombie (Ossuary)
  8 bullfrogs
  A gnoll sergeant (D:8)
  3 scorpions
  2 wights (D:6)
  18 killer bees
  5 howler monkeys
  3 jellies
  3 hounds
  A bullfrog zombie (D:6)
  3 centaur zombies (Ossuary)
  8 orc priests
  2 human zombies (Ossuary)
  A gnoll bouda (D:7)
  3 sleepcaps
  4 iguanas
  4 orc wizards
  A killer bee zombie (D:6)
  2 mummies (Ossuary)
  Robin (D:2)
  9 gnolls
  10 adders
  A nameless horror (IceCv)
  A shadow imp (D:6)
  3 white imps
  An ufetubus (D:4)
  2 worms
  2 dart slugs (D:4)
  54 orcs
  4 endoplasms
  A giant cockroach (D:1)
  11 goblins
  8 hobgoblins
  22 kobolds
  2 quokkas
  6 ball pythons
  2 frilled lizards (D:2)
  6 hobgoblin zombies (Ossuary)
  2 jackal zombies (Ossuary)
  12 kobold zombies (Ossuary)
  8 orc zombies (Ossuary)
  2 rats (D:1)
  3 rat zombies (Ossuary)
386 creatures vanquished.

Vanquished Creatures (collateral kills)
  A tengu conjurer (D:10)
  2 yaks (Lair:2)
  2 wights (D:6)
  An electric eel (Lair:2)
6 creatures vanquished.

Vanquished Creatures (others)
  2 two-headed ogres (D:10)
  A wolf (IceCv)
  A wight (D:6)
4 creatures vanquished.

Grand Total: 396 creatures vanquished

Notes
Turn   | Place    | Note
-------+----------+-------------------------------------------
     0 | D:1      | H0rd4k the Human Artificer began the quest for the Orb.
     0 | D:1      | Reached XP level 1. HP: 15/15 MP: 1/1
   148 | D:1      | Reached XP level 2. HP: 5/21 MP: 2/2
   541 | D:2      | Identified the +4 spear "Ileulioq" {drain, rPois rN+ Dex-4}
   652 | D:2      | Reached XP level 3. HP: 26/26 MP: 3/3
   791 | D:2      | Noticed Robin
   797 | D:2      | Killed Robin
   798 | D:2      | Reached XP level 4. HP: 26/32 MP: 4/4
  1127 | D:2      | Reached skill level 1 in Polearms
  1137 | D:2      | Identified the +7 scale mail of the Little Devil {-Cast
                  | Rampage rCorr Stlth+}
  1282 | D:3      | Found a faded altar of an unknown god.
  1299 | D:3      | Reached XP level 5. HP: 37/37 MP: 5/5
  1334 | D:3      | Noticed Grinder
  1352 | D:3      | Paralysed by Grinder for 5 turns
  1369 | D:3      | Paralysed by Grinder for 3 turns
  1375 | D:3      | Killed Grinder
  1376 | D:3      | Reached skill level 3 in Polearms
  1376 | D:3      | Reached XP level 6. HP: 37/46 MP: 6/6
  1421 | D:3      | Noticed Sigmund
  1434 | D:3      | Killed Sigmund
  1435 | D:3      | Reached skill level 4 in Polearms
  1435 | D:3      | Reached XP level 7. HP: 21/51 MP: 7/7
  1616 | D:3      | You fall into a shaft and drop 3 floors!
  1654 | D:6      | Noticed a steam dragon
  1677 | D:5      | Entered Level 5 of the Dungeon
  1711 | D:5      | Reached skill level 5 in Polearms
  1829 | D:5      | Reached XP level 8. HP: 58/58 MP: 8/8
  1855 | D:5      | Identified the +4 short sword of the Stoat {spect, *Corrode
                  | Dex+4}
  2140 | D:5      | Reached skill level 6 in Polearms
  2309 | D:5      | Reached skill level 1 in Spellcasting
  2466 | D:5      | Found Guolla Hymuh's Jewellery Boutique.
  3109 | D:4      | Reached skill level 7 in Polearms
  3793 | D:6      | Reached XP level 9. HP: 59/65 MP: 12/12
  4158 | D:6      | Found an ancient bone altar of Kikubaaqudgha.
  4159 | D:6      | Noticed Menkaure
  4160 | D:6      | Found a basalt altar of Yredelemnul.
  4162 | D:6      | Found the +2 pair of slick slippers {slick, slippery, EV+4}
  4180 | D:6      | Found a transporter.
  4221 | D:6      | Found a transporter.
  4302 | D:6      | Found a staircase to the Ecumenical Temple.
  4310 | Temple   | Entered the Ecumenical Temple
  4383 | Temple   | Became a worshipper of Gozag Ym Sagoz the Greedy
  4475 | D:6      | Reached skill level 8 in Polearms
  4891 | D:7      | Reached skill level 5 in Fighting
  5292 | D:7      | Reached XP level 10. HP: 57/74 MP: 15/15
  5469 | D:7      | Found a white marble altar of Elyvilon.
  5671 | D:7      | Learned a level 1 spell: Summon Small Mammal
  5675 | D:7      | Learned a level 3 spell: Call Canine Familiar
  5995 | D:8      | Found a sand-covered staircase.
  6002 | Ossuary  | Entered an ossuary
  6255 | Ossuary  | Reached skill level 9 in Polearms
  6472 | D:8      | Reached skill level 1 in Summonings
  6563 | D:8      | Noticed SuvarnaParana's ghost (novice TrWr)
  6577 | D:8      | Found a transporter.
  6582 | D:8      | Found a transporter.
  6762 | D:8      | Noticed Psyche
  6787 | D:8      | Killed Psyche
  6788 | D:8      | Reached skill level 1 in Shields
  6867 | D:8      | Noticed Joseph
  6909 | D:8      | Killed Joseph
  6910 | D:8      | Reached skill level 5 in Stealth
  7356 | D:8      | Found a shimmering blue altar of Sif Muna.
  7735 | D:9      | Reached skill level 5 in Spellcasting
  7993 | D:9      | Found a broken altar of Ashenzari.
  8081 | D:9      | Reached XP level 11. HP: 31/81 MP: 18/18
  8273 | D:9      | Found a staircase to the Orcish Mines.
  8558 | D:9      | Reached skill level 10 in Polearms
  9246 | D:6      | Killed Menkaure
  9632 | D:10     | Entered Level 10 of the Dungeon
  9633 | D:10     | Noticed a two-headed ogre
  9989 | D:10     | Noticed a tengu warrior
  9989 | D:10     | Noticed a two-headed ogre
 10505 | D:10     | Reached skill level 5 in Evocations
 10876 | D:10     | Found a staircase to the Lair.
 11025 | D:10     | Bought the +1 cloak of Starlight {*Dazzle EV+4 Stlth--} for
                  | 488 gold pieces
 11025 | D:10     | Found the +1 cloak of Starlight {*Dazzle EV+4 Stlth--}
 11025 | D:10     | Bought a +1 helmet of see invisible for 264 gold pieces
 11556 | D:11     | Noticed a white ugly thing
 11754 | D:11     | Killed a white ugly thing
 11813 | D:11     | Noticed a skeletal warrior
 11954 | D:9      | Identified a scroll of acquirement
 11954 | D:9      | Acquired a manual of Dodging
 12147 | D:10     | Killed a tengu warrior
 12148 | D:10     | Reached skill level 11 in Polearms
 12148 | D:10     | Reached skill level 5 in Dodging
 12374 | D:11     | Reached XP level 12. HP: 69/91 MP: 21/21
 12764 | Lair:1   | Entered Level 1 of the Lair of Beasts
 12816 | Lair:1   | Reached skill level 5 in Summonings
 14028 | D:10     | Bought the +0 pair of gloves "Fotarac" {rPois Int+3} for
                  | 220 gold pieces
 15907 | Lair:2   | Learned a level 3 spell: Summon Guardian Golem
 15985 | Lair:3   | Reached XP level 13. HP: 98/98 MP: 22/24
 16021 | Lair:3   | Found a frozen archway.
 16050 | Lair:3   | Reached skill level 12 in Polearms
 16052 | Lair:3   | Noticed Gastronok
 16071 | Lair:3   | Killed Gastronok
 16151 | IceCv    | Entered an ice cave
 16747 | IceCv    | Noticed a frost giant
 17395 | IceCv    | Killed from afar by a frost giant

Illustrated notes

Levels and vault maps discovered:
D:1:      dpeg_arrival_orchard, layout_rooms
D:2:      layout_loops_ring, uniq_robin
D:3:      layout_basic, minitemple, dreamdust_ecumenical_altar_grove,
          uniq_sigmund, uniq_grinder
D:4:      layout_basic
D:5:      minmay_angry_zag, layout_basic, serial_shops,
          nicolae_shop_gaudy_bauble, st_stairs_9
D:6:      layout_basic, gammafunk_temple_of_torment, minmay_temple_entry_ruins,
          minmay_misc_feat_diagonals, minmay_misc_feat_encased
D:7:      layout_loops_corners, elyvilon_altar_3, minmay_misc_feat_chi,
          kennysheep_potato
D:8:      minmay_recursive_quarters, layout_cave_pools, lemuel_blue_sif_altar,
          gammafunk_ghost_hive, chequers_ossuary_entry_cave, minivault_26,
          uniq_psyche, uniq_joseph
D:9:      layout_basic, nicolae_ashenzari_skybound, hiddenorc1_lemuel,
          kennysheep_generic_room_8
D:10:     layout_long_grid, erik_lair_dragon
D:11:     layout_loops_ring, minmay_puff
Temple:   nicolae_temple_great_sept
Lair:1:   layout_loops_ring, cheibrodos_lair_reptile_den
Lair:2:   layout_roguey, serial_forest, infiniplex_forest_lined_3_way,
          infiniplex_forest_straight_3, infiniplex_forest_straight_3,
          infiniplex_forest_lined_2, infiniplex_forest_lined_2,
          infiniplex_staircase_pool, grunt_megastairs_5, lemuel_fruit_fields
Lair:3:   layout_gridlike, minmay_swamp_entry_reptiles,
          nicolae_spider_entry_tight_spaces, portal_ice_cave_entry_pillars_1,
          chequers_serial_rivers_micro_d, amcnicky_mini_pool_medium,
          uniq_gastronok
IceCv:    ice_cave_caverns_02

Skill      XL: |  1  2  3  4  5  6  7  8  9 10 11 12 13 |
---------------+----------------------------------------+-----
Evocations     | 4 5 |  5.3
Polearms       | 1 3 4 5 7 8 9 11 12 | 12.3
Fighting       | 2 3 4 5 6 7 8 |  8.7
Stealth        | 2 3 4 5 7 8 |  8.0
Dodging        | 2 3 4 5 6 7 |  7.9
Spellcasting   | 2 3 5 6 7 8 |  8.9
Summonings     | 3 4 6 |  6.7
Shields        | 1 2 3 |  3.5
Maces & Flails | |  0.4
Armour         | |  2.0
Hexes          | |  0.6

Action                     |  1- 3 |  4- 6 |  7- 9 | 10-12 | 13-15 || total
---------------------------+-------+-------+-------+-------+-------++-------
  Melee: Club              |    39 |       |       |       |       ||    39
         Spear             |    26 |    76 |   433 |  1375 |   446 ||  2356
         Punch             |       |       |     6 |    21 |     5 ||    32
   Cast: Call Canine Famil |       |       |       |    13 |     4 ||    17
         Summon Small Mamm |       |       |       |    12 |     6 ||    18
         Summon Guardian G |       |       |       |       |     6 ||     6
 Invoke: Call Merchant     |       |       |       |     2 |       ||     2
  Evoke: Wand              |       |     1 |     4 |    15 |     3 ||    23
    Use: Potion            |       |       |     1 |     1 |     3 ||     5
         Scroll            |       |       |       |    15 |     3 ||    18
   Stab: Sleeping          |     1 |     2 |     5 |     7 |       ||    15
         Distracted        |       |       |       |     4 |     1 ||     5
         Invisible         |       |       |       |    26 |     9 ||    35
 Armour: Leather armour    |    15 |     2 |       |    16 |    38 ||    71
         Scale mail        |       |    20 |   176 |   231 |       ||   427
  Dodge: Dodged            |    37 |    16 |   125 |   510 |   189 ||   877
  Block: Other             |       |       |     8 |   155 |    47 ||   210
         Reflection        |       |       |       |     5 |     1 ||     6
